 Dungeon Crawl Stone Soup version 0.19.1 (webtiles) character file.

111 Impy the Ogre Mage (level 4, 0/42 HPs)
             Began as an Ogre Wizard on Nov 29, 2016.
             Killed by nerve-wracking pain
             ... invoked by an orc priest
              (8 damage)
             ... on level 3 of the Dungeon.
             The game lasted 00:11:04 (2700 turns).

Impy the Ogre Mage (Ogre Wizard)                    Turns: 2700, Time: 00:11:05

Health: 0/42       AC:  3    Str: 12    XL:     4   Next: 92%
Magic:  0/10       EV: 15    Int: 18    God:
Gold:   130        SH:  0    Dex: 13    Spells: 4 memorised, 2 levels left

rFire  . . .     SeeInvis .     e - +0 club
rCold  . . .     Gourm    .     a - +0 robe
rNeg   . . .     Faith    .     (no shield)
rPois  .         Spirit   .     b - +0 hat
rElec  .         Reflect  .     (no cloak)
rCorr  +         Harm     .     (gloves unavailable)
MR     .....                    (boots unavailable)
Stlth  +++.......               (no amulet)
                                (no ring)
                                k - ring of resist corrosion

@: agile, flying, very slightly contaminated
A: unfitting armour, tough skin 1
a: no special abilities


You were on level 3 of the Dungeon.
You were not hungry.

You visited 1 branch of the dungeon, and saw 3 of its levels.

You collected 130 gold pieces.

Inventory:

Hand Weapons
 e - a +0 club (weapon)
Armour
 a - a +0 robe (worn)
 b - a +0 hat (worn)
Jewellery
 k - a ring of resist corrosion (left hand)
Scrolls
 f - 2 scrolls of identify
 g - a scroll of amnesia {unknown}
 h - a scroll of enchant armour {unknown}
 l - a scroll of recharging {unknown}
Books
 c - a book of Minor Magic

   Spells                             Type                      Level
   a - Magic Dart                     Conjuration                  1
   b - Blink                          Translocation                2
   c - Call Imp                       Summoning                    2
   d - Repel Missiles                 Charms/Air                   2
   e - Slow                           Hexes                        2
   f - Conjure Flame                  Conjuration/Fire             3
   g - Mephitic Cloud                 Conjuration/Poison/Air       3
Comestibles
 d - 3 bread rations
 i - a beef jerky


   Skills:
 + Level 2.2 Fighting
 + Level 2.3 Maces & Flails
 - Level 1.7 Dodging
 - Level 1.4 Stealth
 + Level 4.0 Spellcasting
 * Level 2.3 Conjurations
   Level 0.6 Summonings
   Level 0.6 Translocations


You had 2 spell levels left.
You knew the following spells:

 Your Spells              Type           Power        Failure   Level  Hunger
a - Magic Dart            Conj           ##..         8%          1    None
b - Repel Missiles        Chrm/Air       #.....       21%         2    ##.....
c - Mephitic Cloud        Conj/Pois/Air  #.......     34%         3    ###....
d - Conjure Flame         Conj/Fire      #.......     30%         3    ###....


Dungeon Overview and Level Annotations

Branches:
Dungeon (3/15)

Altars:
Hepliaklqana
Nemelex Xobeh
Zin


Innate Abilities, Weirdness & Mutations

You are too large for most types of armour.
You have tough skin. (AC +1)


Message History

The orc priest mumbles some strange prayers to Beogh against you.
You barely resist.
Casting: Magic Dart
Confirm with . or Enter, or press ? or * to list all spells.
Aiming: Magic Dart
Press: ? - help, Shift-Dir - straight line, f/p - orc priest
Aim: an orc priest, wearing a ring mail (severely wounded)
The magic dart hits the orc priest.
The orc priest is severely wounded.
The orc priest hits you.
* * * LOW HITPOINT WARNING * * *
It was a potion of flight.
You feel very buoyant.
You fly up into the air.
The orc priest hits you.
* * * LOW HITPOINT WARNING * * *
It was a potion of agility.
You feel agile all of a sudden.
The orc priest mumbles some strange prayers to Beogh against you.
Pain shoots through your body!
You die...

..##############
.<'............# .
.o############o# .
oo.o....#@#
########## #.#.#
.....)...# #o#.#
##.#)###.# #.#.#
†......#.# #.#.#
##.#..##†#####.#.#
##.#..##.......#.#
##÷#..#.########.##
##.#..#...........#


You could see an orc priest.

Vanquished Creatures
  An orc priest (D:3)
  3 adders
  4 dart slugs
  3 leopard geckos
  3 orcs (D:3)
  6 bats
  A giant cockroach (D:3)
  4 goblins
  4 hobgoblins
  2 jackals (D:2)
  2 quokkas
  A kobold (D:1)
  7 rats
41 creatures vanquished.

Vanquished Creatures (others)
  A goblin (D:3)
  A rat (D:3)
2 creatures vanquished.

Grand Total: 43 creatures vanquished

Notes
Turn   | Place    | Note
-------+----------+-------------------------------------------
     0 | D:1      | Impy the Ogre Wizard began the quest for the Orb.
     0 | D:1      | Reached XP level 1. HP: 16/16 MP: 5/5
   215 | D:1      | Reached skill level 1 in Conjurations
   284 | D:1      | Reached skill level 1 in Maces & Flails
   284 | D:1      | Reached XP level 2. HP: 6/26 MP: 3/6
   359 | D:1      | Reached skill level 1 in Fighting
   710 | D:1      | Reached XP level 3. HP: 21/33 MP: 8/8
  1374 | D:2      | Learned a level 2 spell: Repel Missiles
  1378 | D:2      | Learned a level 3 spell: Mephitic Cloud
  1529 | D:2      | Learned a level 3 spell: Conjure Flame
  1824 | D:2      | Reached XP level 4. HP: 40/42 MP: 9/9
  2238 | D:2      | Found a sparkling altar of Nemelex Xobeh.
  2240 | D:2      | Found a glowing silver altar of Zin.
  2402 | D:3      | Found a hazy altar of Hepliaklqana.
  2690 | D:3      | Reached skill level 4 in Spellcasting
  2700 | D:3      | Killed from afar by an orc priest

Skill      XL: |  1  2  3  4 |
---------------+-------------+-----
Conjurations   | 1 2 |  2.3
Maces & Flails | 1 2 |  2.3
Fighting       | 1 2 |  2.2
Spellcasting   | 4 |  4.0
Dodging        | |  1.7
Stealth        | |  1.4
Summonings     | |  0.6
Translocations | |  0.6

Action                   |  1- 3 |  4- 6 || total
-------------------------+-------+-------++-------
Melee: Club              |   105 |    91 ||   196
       Unarmed           |     1 |       ||     1
Throw: Throwing net      |     1 |       ||     1
 Cast: Magic Dart        |    32 |    15 ||    47
       Mephitic Cloud    |     1 |     1 ||     2
       Conjure Flame     |     1 |       ||     1
  Use: Potion            |     2 |     2 ||     4
       Scroll            |     2 |       ||     2
 Stab: Sleeping          |     1 |       ||     1
       Held in net/web   |     1 |       ||     1
  Eat: Chunk             |     3 |     3 ||     6
Armor: Robe              |    53 |    43 ||    96
Dodge: Dodged            |    72 |    62 ||   134
